Map: Nightshade LE

Players

TSGSolar (Solar) - Winner!

  • Race: Zerg Zerg
  • League: Master
  • Spawn Location: 5:00

liilia

  • Race: Protoss Protoss
  • Spawn Location: 11:00

VOD

Have the link to the VOD?

Description

Solar Roach ling allin

Time

  • Played on: April 19, 2020, 12:21 a.m.
  • Length: 5:02
Show
View Real Time Build Order
Export as new Build Order

TSGSolar Zerg - Winner!

Build Orders: Hatch First 

Get SALT Encoding   

  12  0:01  Drone  
  13  0:12  Overlord  
  13  0:16  Drone  
  14  0:31  Drone x2  
  16  0:47  Hatchery  
  16  0:50  Drone  
  16  0:53  Drone  
  17  0:57  Drone  
  18  1:08  Extractor  
  17  1:12  Spawning Pool  
  17  1:15  Drone  
  17  1:20  Drone  
  18  1:28  Drone  
  19  1:40  Drone  
  20  1:51  Overlord  
  20  1:59  Queen x2  
  24  2:02  Zergling x4  
  26  2:09  Drone  
  26  2:10  Drone  
  26  2:12  Metabolic Boost  
  28  2:21  Drone x2  
  30  2:34  Hatchery  
  29  2:42  Roach Warren  
  28  2:47  Overlord  
  28  2:52  Overlord  
  29  3:11  Zergling x4  
  31  3:21  Roach x7  
  31  3:25  Zergling x6  
  48  3:32  Overlord  
  48  3:36  Overlord  
  48  3:40  Zergling x4  
  48  3:41  Zergling x2  
  51  3:46  Ravager  
  52  3:52  Zergling x2  
  52  3:53  Zergling x6  
  56  3:58  Overlord  
  56  4:07  Zergling x2  
  56  4:11  Zergling x10  
  60  4:18  Zergling x4  
  60  4:19  Zergling x2  
  61  4:27  Zergling x2  
  62  4:35  Zergling x4  
  64  4:42  Zergling x2  
  64  4:44  Zergling x2  
  66  4:48  Ravager  
Show
View Real Time Build Order
Export as new Build Order

liilia Protoss 

Build Orders: 1 Gate Expand 

Get SALT Encoding   

  12  0:01  Probe  
  13  0:14  Probe  
  14  0:20  Pylon  
  14  0:26  Probe  
  15  0:38  Probe  
  15  0:41  Gateway  
  16  0:50  Assimilator  
  16  0:51  Probe  
  17  1:03  Probe  
  18  1:15  Probe  
  19  1:31  Nexus  
  19  1:39  Cybernetics Core  
  19  1:42  Probe  
  20  1:56  Probe  
  20  2:00  Pylon  
  21  2:08  Probe  
  21  2:15  Warp Gate  
  22  2:16  Adept (Chrono Boost)  
  24  2:25  Twilight Council  
  24  2:36  Stalker (Chrono Boost)  
  24  2:41  Probe  
  27  2:44  Probe  
  27  2:49  Gateway  
  28  2:53  Probe  
  28  2:56  Probe  
  30  3:07  Probe  
  30  3:12  Charge (Chrono Boost)  
  31  3:16  Probe  
  31  3:19  Probe  
  33  3:21  Gateway  
  33  3:22  Gateway  
  33  3:30  Gateway  
  33  3:37  Pylon  
  33  3:40  Probe x2  
  35  3:51  Robotics Facility  
  35  3:57  Probe  
  36  4:04  Gateway  
  36  4:06  Gateway  
  36  4:07  Gateway  
  36  4:11  Zealot x2  
  33  4:27  Zealot x2  
  33  4:28  Zealot  
  16  4:48  Zealot x3  
Tags
 
Add a new tag
Caveats
  • Supply blocks, unpowered buildings, or Contaminate may cause inaccurate times.
  • Supply counts are checked every 10 seconds.